 Dungeon Crawl Stone Soup version 0.22-a0-351-g29664b4 (webtiles) character file.

102 JeffiDaFish the Digger (level 4, -1/24 HPs)
             Began as a Gargoyle Earth Elementalist on Apr 12, 2018.
             Killed by divine providence
             ... invoked by an orc priest
              (10 damage)
             ... on level 3 of the Dungeon.
             The game lasted 00:03:33 (2063 turns).

JeffiDaFish the Digger (GrEE)                       Turns: 2063, Time: 00:03:33

Health: -1/24      AC:  5    Str: 10 (12) XL:     4   Next: 77%
Magic:  1/9        EV: 12    Int: 15 (16) God:
Gold:   125        SH:  0    Dex: 10      Spells: 5/9 levels left

rFire    + . .     SeeInvis .   a - +1 whip
rCold    . . .     Gourm    .   (no shield)
rNeg     + . .     Faith    .   c - +0 robe
rPois    ∞         Spirit   .   (no helmet)
rElec    +         Reflect  .   (no cloak)
rCorr    .         Harm     .   (no gloves)
MR       .....                  (no boots)
Stlth    ++........             (no amulet)
HPRegen  0.08/turn              (no ring)
MPRegen  0.11/turn              (no ring)

@: no status effects
A: fire resistance 1, negative energy resistance 1, electricity resistance, wild
magic 1, unbreathing, petrification resistance, rot immunity, MP-powered wands,
AC +3
a: no special abilities


You were on level 3 of the Dungeon.
You were not hungry.

You visited 1 branch of the dungeon, and saw 3 of its levels.

You collected 125 gold pieces.

Inventory:

Hand Weapons
 a - a +1 whip (weapon)
Missiles
 b - 129 stones (quivered)
Armour
 c - a +0 robe (worn)
Wands
 j - a wand of iceblast (12)
Scrolls
 f - a scroll of remove curse
 g - a scroll of identify
Potions
 e - 3 potions of curing
 h - a potion of mutation
 i - a potion of heal wounds
Comestibles
 d - 8 rations
 k - a chunk of flesh


   Skills:
 - Level 1.5 Dodging
 - Level 2.1 Stealth
 + Level 3.4 Spellcasting
   Level 0.7 Transmutations
 + Level 5.2 Earth Magic


You had 5 spell levels left.
You knew the following spells:

 Your Spells              Type           Power        Failure   Level  Hunger
a - Sandblast             Erth           ###...       4%          1    None
b - Stone Arrow           Conj/Erth      ##....       28%         3    ###....


Dungeon Overview and Level Annotations

Branches:
Dungeon (3/15)

Altars:


Innate Abilities, Weirdness & Mutations

You are resistant to torment.
Your stone body is resilient. (AC +3)
You are immune to poison.
You resist negative energy. (rN+)
You are resistant to electric shocks. (rElec)
You can survive without breathing.
You are immune to petrification.
You are immune to rotting.
Your flesh is heat resistant. (rF+)
Your spells are a little harder to cast, but a little more powerful.
You expend magic power (3 MP) to strengthen your wands.


Message History

You hit the orc priest.
The orc priest is moderately wounded.
The orc priest hits you with a club.
You closely miss the orc priest.
The orc priest is moderately wounded.
The orc priest closely misses you.
You hit the orc priest but do no damage.
The orc priest is moderately wounded.
The orc priest mumbles some strange prayers to Beogh against you.
Pain shoots through your body!
You hit the orc priest.
The orc priest is moderately wounded.
The orc priest calls down the wrath of Beogh upon you.
Beogh smites you!
Ouch! That really hurt!
You closely miss the orc priest.
The orc priest is moderately wounded.
The orc priest mumbles some strange prayers to Beogh against you.
Beogh smites you!
You die...

.
#..#.#.#.#...
#
#..#.#.#.#.###
#..###.#.....#
.............#
#####.#.....#
#..[....#
###.#...#
#.o.....#
#@#.##..#
#.#)....#
#.#o.#....#
#.#..# ####
#.#..# #.#).#
#+#o.# ...#
....


You could see an orc priest.

Vanquished Creatures
  4 adders
  An ooze (D:1)
  2 dart slugs
  A leopard gecko (D:1)
  3 orcs (D:3)
  6 giant cockroaches
  8 goblins
  6 hobgoblins
  5 kobolds
  9 bats
  2 frilled lizards (D:1)
  5 rats
52 creatures vanquished.

Notes
Turn   | Place    | Note
-------+----------+-------------------------------------------
     0 | D:1      | JeffiDaFish the Gargoyle Earth Elementalist began the quest for the Orb.
     0 | D:1      | Reached XP level 1. HP: 10/10 MP: 3/3
   127 | D:1      | Reached skill level 4 in Earth Magic
   127 | D:1      | Reached XP level 2. HP: 15/15 MP: 3/5
   181 | D:1      | Gained mutation: Your flesh is heat resistant. (rF+) [potion of mutation]
   181 | D:1      | Gained mutation: You expend magic power (3 MP) to strengthen your wands. [potion of mutation]
   181 | D:1      | Gained mutation: Your spells are a little harder to cast, but a little more powerful. [potion of mutation]
   356 | D:1      | Reached XP level 3. HP: 14/19 MP: 6/6
   376 | D:1      | Learned a level 3 spell: Stone Arrow
  1319 | D:2      | Reached XP level 4. HP: 14/24 MP: 4/8
  1694 | D:2      | Reached skill level 5 in Earth Magic
  2063 | D:3      | Killed from afar by an orc priest

Vault maps used:
D:1:      mrwooster_arrival_statue_3, minmay_tiny_reverse_x
D:2:      first_ration
D:3:      cheibrodos_sewer_entry_bend, chequers_ecumenical_altar_island

Skill      XL: |  1  2  3  4 |
---------------+-------------+-----
Earth Magic    | 4 5 |  5.2
Spellcasting   | 3 |  3.4
Dodging        | |  1.5
Stealth        | |  2.1
Transmutations | |  0.7

Action                   |  1- 3 |  4- 6 || total
-------------------------+-------+-------++-------
Melee: Whip              |   123 |    21 ||   144
 Cast: Sandblast         |    13 |    13 ||    26
       Stone Arrow       |       |     5 ||     5
  Use: Scroll            |     4 |     3 ||     7
       Potion            |     4 |       ||     4
 Stab: Sleeping          |     2 |       ||     2
  Eat: Chunk             |     2 |     3 ||     5
Armor: Robe              |    71 |    12 ||    83
Dodge: Dodged            |   121 |    25 ||   146

Table legend:
 A = Spawn XP
 B = Non-spawn XP
 C = Spawn XP percentage of total XP
 D = Spawn monster count
 E = Non-spawn monster count
 F = Spawn count percentage of total count
 G = Total turns spent on level
                    A         B        C        D         E        F      G
               +---------+---------+-------+---------+---------+-------+---------
         Total |       0 |     146 |   0.0 |       0 |      52 |   0.0 |  2063
               +---------+---------+-------+---------+---------+-------+---------
           D:1 |       0 |      63 |   0.0 |       0 |      32 |   0.0 |  1237
           D:2 |       0 |      57 |   0.0 |       0 |      13 |   0.0 |   690
           D:3 |       0 |      26 |   0.0 |       0 |       7 |   0.0 |   136
               +---------+---------+-------+---------+---------+-------+---------
